Construct Light Support Kompanie
Pak 38 Anti-tank Gun Team
Construct Panzerarmee Kommand
le.IG 18 Mechanized Group
Construct Mechanized Kompanie
Marder III Tank Destroyer
Selects Italian Combined Arms Battlegroup
Selects Bersaglieri Squad
Selects Vehicle Support - Secure Location
Selects Breda Model 30 Light Machine Guns
Marder III Tank Destroyer
Selects Semovente da 75/18 Assault Gun